Map: Washout LE

Players

Altik

  • Race: Protoss Protoss
  • League: Diamond

StaRleY - Winner!

  • Race: Protoss Protoss
  • League: Diamond

VOD

Have the link to the VOD?

Description

Time

  • Played on: Aug. 5, 2026, 7:55 a.m.
  • Length: 9:14
Show
View Real Time Build Order
Export as new Build Order

Altik Protoss 

Build Orders: Phoenix Opening, Zealot Archon 

Get SALT Encoding   

  8  0:00  Probe (Chrono Boost)  
  9  0:12  Probe (Chrono Boost)  
  10  0:19  Probe (Chrono Boost)  
  11  0:26  Probe  
  12  0:33  Pylon  
  12  0:39  Probe  
  13  0:51  Probe  
  13  0:54  Gateway  
  14  1:03  Probe (Chrono Boost)  
  15  1:05  Assimilator  
  15  1:15  Probe (Chrono Boost)  
  16  1:20  Probe (Chrono Boost)  
  17  1:29  Probe  
  18  1:41  Probe  
  19  1:51  Cybernetics Core  
  19  1:53  Probe  
  20  2:01  Nexus  
  20  2:06  Probe  
  21  2:12  Pylon  
  23  2:30  Stalker  
  23  2:32  Warp Gate  
  23  2:38  Assimilator, Probe  
  23  2:40  Shield Battery  
  24  2:49  Gateway  
  24  2:52  Probe  
  25  3:02  Stalker  
  27  3:09  Probe  
  28  3:15  Probe  
  28  3:18  Pylon  
  29  3:29  Sentry  
  29  3:30  Probe  
  29  3:31  Probe  
  29  3:32  Phoenix  
  33  3:38  Stalker, Pylon  
  35  3:47  Probe  
  37  3:48  Probe  
  37  3:53  Twilight Council  
  39  4:02  Probe (Chrono Boost)  
  39  4:03  Probe (Chrono Boost)  
  41  4:15  Probe x2 (Chrono Boost)  
  45  4:17  Zealot  
  45  4:21  Probe x2 (Chrono Boost)  
  47  4:25  Stalker  
  47  4:29  Probe (Chrono Boost)  
  47  4:30  Probe (Chrono Boost)  
  47  4:31  Charge  
  49  4:40  Phoenix, Forge  
  49  4:41  Probe (Chrono Boost)  
  49  4:42  Probe (Chrono Boost)  
  51  4:47  Gateway  
  51  4:48  Gateway  
  51  4:50  Probe x2 (Chrono Boost)  
  53  4:53  Zealot  
  53  4:58  Pylon  
  55  5:14  Nexus, Protoss Ground Weapons Level 1 (Chrono Boost)  
  55  5:17  Pylon  
  55  5:18  Zealot x2  
  59  5:26  Templar Archives  
  59  5:28  Probe  
  60  5:30  Assimilator  
  60  5:33  Assimilator  
  60  5:34  Probe  
  61  5:40  Probe  
  61  5:41  Zealot x2  
  66  5:50  Zealot x2  
  70  5:58  Pylon  
  70  6:00  Pylon  
  70  6:04  Phoenix  
  70  6:13  High Templar x2, Shield Battery  
  70  6:14  Gateway  
  70  6:17  Gateway, Probe x2  
  76  6:29  Probe x2  
  78  6:33  Zealot x2, High Templar  
  78  6:34  High Templar  
  78  6:39  Pylon  
  86  6:41  Probe x2, Pylon  
  88  6:48  Photon Cannon  
  88  6:51  High Templar  
  88  6:53  Probe x2, Archon  
  92  6:54  Shield Battery  
  92  6:58  Zealot x2  
  96  7:05  Probe x2  
  98  7:11  Archon  
  98  7:12  Zealot x3  
  98  7:13  Zealot x2  
  108  7:22  Pylon  
  108  7:24  Pylon  
  108  7:32  Zealot x4  
  108  7:33  Zealot  
  118  7:40  Pylon, High Templar  
  118  7:42  Pylon  
  120  7:51  High Templar x2, Zealot  
  124  7:52  Zealot  
  124  7:54  Zealot  
  130  8:08  Archon, Zealot x2  
  130  8:09  Zealot x2  
  138  8:16  Zealot x2  
  140  8:23  Shield Battery  
  140  8:25  Shield Battery, Archon  
  114  8:29  Zealot  
  114  8:30  Zealot x2  
  93  8:37  Zealot x3  
  85  8:43  Zealot  
Show
View Real Time Build Order
Export as new Build Order

StaRleY Protoss - Winner!

Build Orders: Archon Immortal 

Get SALT Encoding   

  8  0:00  Probe  
  9  0:12  Probe (Chrono Boost)  
  11  0:21  Probe (Chrono Boost)  
  11  0:26  Probe (Chrono Boost)  
  11  0:32  Pylon  
  12  0:38  Probe  
  13  0:51  Probe  
  14  0:58  Gateway  
  14  1:03  Probe (Chrono Boost)  
  15  1:05  Assimilator  
  15  1:15  Probe (Chrono Boost)  
  16  1:20  Probe (Chrono Boost)  
  17  1:29  Probe  
  18  1:40  Assimilator  
  18  1:41  Probe  
  19  1:48  Cybernetics Core  
  19  2:05  Nexus  
  19  2:11  Probe (Chrono Boost)  
  20  2:16  Pylon  
  21  2:23  Probe (Chrono Boost)  
  21  2:30  Warp Gate  
  21  2:33  Probe (Chrono Boost)  
  21  2:34  Stalker  
  24  2:44  Probe  
  25  2:56  Probe  
  25  2:57  Robotics Facility  
  26  3:02  Shield Battery  
  26  3:07  Stalker  
  26  3:08  Probe  
  29  3:23  Probe (Chrono Boost)  
  29  3:24  Probe (Chrono Boost)  
  31  3:32  Probe (Chrono Boost)  
  33  3:35  Probe (Chrono Boost)  
  33  3:37  Probe (Chrono Boost), Stalker  
  38  3:49  Probe (Chrono Boost)  
  38  3:50  Immortal, Probe (Chrono Boost)  
  38  3:54  Pylon  
  42  4:00  Pylon  
  42  4:05  Assimilator  
  42  4:12  Probe (Chrono Boost)  
  42  4:16  Probe (Chrono Boost)  
  44  4:19  Pylon  
  45  4:24  Probe (Chrono Boost)  
  45  4:28  Probe (Chrono Boost)  
  45  4:29  Twilight Council, Observer, Probe (Chrono Boost)  
  45  4:30  Gateway  
  48  4:32  Gateway  
  48  4:36  Probe  
  49  4:39  Assimilator  
  49  4:47  Immortal  
  49  4:52  Gateway  
  53  4:55  Probe (Chrono Boost)  
  53  4:57  Probe (Chrono Boost)  
  55  5:02  Charge (Chrono Boost)  
  56  5:07  Probe (Chrono Boost)  
  56  5:10  Templar Archives  
  56  5:12  Probe (Chrono Boost)  
  56  5:13  Probe (Chrono Boost)  
  58  5:18  Pylon  
  58  5:19  Probe  
  59  5:21  Probe  
  59  5:27  Gateway  
  60  5:28  Gateway  
  60  5:34  Gateway  
  60  5:37  Pylon  
  60  5:39  Pylon  
  60  5:40  Immortal  
  64  5:58  Pylon  
  64  6:01  Zealot x3  
  70  6:07  High Templar  
  72  6:17  Gateway  
  72  6:20  Gateway, Immortal  
  72  6:24  High Templar  
  78  6:30  Archon  
  78  6:34  Zealot x3  
  84  6:50  Stalker x3  
  90  7:03  Pylon  
  90  7:18  Pylon  
  90  7:21  Pylon  
  90  7:22  High Templar x3, Pylon  
  96  7:24  Pylon  
  96  7:26  Pylon  
  96  7:29  High Templar  
  98  7:30  Zealot x3  
  104  7:41  Archon  
  104  7:43  Archon  
  104  7:44  Zealot x2  
  108  7:54  Zealot x3  
  114  8:06  Zealot x5  
  124  8:20  Zealot x4  
  94  8:35  Zealot x5  
  88  8:46  Zealot x4  
  92  8:57  Zealot  
  92  8:58  Zealot x4  
  102  9:10  High Templar x4  
Tags
 
Add a new tag
Caveats
  • Supply blocks, unpowered buildings, or Contaminate may cause inaccurate times.
  • Supply counts are checked every 10 seconds.